AoeStats
← patjanko

Arabia

503677868Analyzed
2v2 RM · 29d ago on Sep 1, 2026· 69m 23s· 4 players
Game mode
Random Map
Map size
Medium (4 player)
Population
200
Speed
Normal
Resources
Standard
Victory
Conquest
Starting age
Dark Age
Ending age
Imperial Age
RankedLock teamsTeams togetherTeam positionsShared explorationLock speedFull tech treeHidden civsTurbo modeCheats
Victory
Defeat
🇩🇪 Teutons · Germany
839
+15
🇩🇪 Persians · Germany
837
+15
821
-15
🇩🇪 Spanish · Germany
821
-15
Snoop Doggy Dogg 熊猫
10:43 Feudal Age
10:22 Horse Collar
10:49 Double-Bit Axe
16:21 Wheelbarrow
15:33 Loom
17:22 Town Watch
19:41 Castle Age
18:32 Heavy Plow
19:17 Gold Mining
19:17 Stone Mining
19:44 Bow Saw
21:32 Forging
21:28 Scale Barding Armor
28:52 Hand Cart
28:36 Cavalier
30:38 Husbandry
31:03 Chain Barding Armor
31:44 Masonry
31:51 Fortified Wall
35:54 Imperial Age
35:02 Burgundian Vineyards
36:03 Gold Shaft Mining
36:03 Stone Shaft Mining
36:55 Crop Rotation
37:03 Iron Casting
35:58 Paladin
41:05 Blast Furnace
40:31 Caravan
59:20 Fletching
60:00 Man-at-Arms
60:27 Arson
60:43 Squires
60:47 Scale Mail Armor
61:22 Plate Barding Armor
60:59 Long Swordsman
61:59 Two-Handed Swordsman
63:26 Chain Mail Armor
63:28 Champion
67:58 Plate Mail Armor
69:24 Coinage
freez
11:05 Feudal Age
9:21 Loom
15:07 Double-Bit Axe
20:32 Castle Age
21:50 Bow Saw
21:23 Horse Collar
22:38 Elite Skirmisher
24:47 Fletching
25:03 Scale Barding Armor
28:33 Bloodlines
28:27 Husbandry
29:33 Wheelbarrow
28:43 Town Watch
30:14 Chain Barding Armor
32:03 Hand Cart
32:13 Bodkin Arrow
32:19 Padded Archer Armor
34:04 Heavy Plow
37:29 Imperial Age
36:05 Leather Archer Armor
36:01 Forging
36:05 Thumb Ring
37:05 Ballistics
36:41 Murder Holes
37:42 Cavalier
40:06 Two-Man Saw
39:32 Town Patrol
39:43 Cavalier
41:28 Paladin
43:01 Plate Barding Armor
42:26 Bracer
42:57 Ring Archer Armor
45:36 Iron Casting
50:45 Chemistry
51:27 Caravan
53:16 Blast Furnace
66:53 Elite Conquistador
laQ
0:32 Loom
12:03 Feudal Age
16:31 Horse Collar
19:48 Castle Age
18:05 Stone Mining
19:26 Double-Bit Axe
19:34 Gold Mining
21:35 Wheelbarrow
23:41 Stone Shaft Mining
23:28 Forging
23:42 Heavy Plow
25:35 Squires
26:21 Caravan
28:17 Iron Casting
30:43 Hand Cart
34:51 Imperial Age
34:42 Scale Mail Armor
34:48 Scale Barding Armor
35:10 Gambesons
34:45 Man-at-Arms
34:46 Pikeman
35:11 Arson
35:26 Capped Ram
36:53 Fortified Wall
36:39 Long Swordsman
37:49 Ironclad
37:50 Conscription
38:48 Chemistry
38:07 Halberdier
38:08 Two-Handed Swordsman
40:11 Chain Mail Armor
40:23 Bow Saw
40:33 Heated Shot
41:57 Blast Furnace
42:36 Plate Mail Armor
43:00 Crop Rotation
43:15 Champion
44:46 Siege Engineers
48:52 Chain Barding Armor
55:10 Elite Teutonic Knight
68:30 Two-Man Saw
68:26 Bloodlines
patjanko
6:50 Loom
10:50 Feudal Age
18:42 Castle Age
18:18 Double-Bit Axe
18:15 Horse Collar
20:15 Town Watch
20:38 Heavy Plow
20:51 Bow Saw
22:36 Stone Mining
29:16 Imperial Age
27:26 Wheelbarrow
26:56 Gold Mining
30:59 Crop Rotation
31:33 Two-Man Saw
32:27 Hand Cart
34:04 Conscription
33:55 Citadels
33:52 Pikeman
34:17 Gambesons
34:33 Squires
34:43 Halberdier
37:38 Kamandaran
38:10 Caravan
38:59 Town Patrol
39:39 Scale Mail Armor
39:50 Forging
40:47 Gold Shaft Mining
41:16 Chemistry
40:14 Murder Holes
40:32 Masonry
40:00 Elite War Elephant
41:09 Ballistics
41:56 Chain Mail Armor
42:18 Iron Casting
41:13 Crossbowman
41:58 Thumb Ring
43:10 Hoardings
44:25 Heavy Camel Rider
45:16 Bloodlines
45:07 Husbandry
49:53 Light Cavalry
52:37 Hussar
53:40 Scale Barding Armor
67:52 Plate Mail Armor
68:22 Blast Furnace
67:43 Chain Barding Armor
Connection lost

Rejoining the realm…

Still unreachable

The connection could not be restored.

Session expired

The server has moved on; the page needs a fresh start.